 Dungeon Crawl Stone Soup version 0.17-a0-1046-ga09e34d (webtiles) character file.

2317 RobertPalmer the Carver (level 9, -2/75 HPs)
             Began as a Naga Chaos Knight on May 15, 2015.
             Slain by an adder (4 damage)
             ... summoned by Xom
             ... on level 7 of the Dungeon.
             The game lasted 00:15:33 (7070 turns).

RobertPalmer the Carver (Naga Chaos Knight)         Turns: 7070, Time: 00:15:33

Health: -2/75      AC: 10    Str: 14    XL:     9   Next: 41%
Magic:  9/9        EV: 12    Int: 16    God:    Xom [.*....]
Gold:   271        SH:  0    Dex: 11    Spells: 0 memorised, 8 levels left

rFire  . . .     SeeInvis +     a - +1 falchion (chaos)
rCold  . . .     Clarity  .     s - +2 leather armour
rNeg   . . .     SustAb   .     (no shield)
rPois  +         Gourm    .     f - +0 helmet (curse)
rElec  .         Spirit   .     e - +2 cloak {rPois}
rCorr  .         Warding  .     (no gloves)
rMut   .         Stasis   .     (no barding)
MR     +....                    (no amulet)
Stlth  +.........               (no ring)
                                (no ring)

@: very slow, somewhat resistant to hostile enchantments, very unstealthy
A: see invisible, deformed body, poison resistance, slowness 2, slow metabolism
1, spit poison 2, AC +3
a: Spit Poison, Renounce Religion


You were on level 7 of the Dungeon.
You worshipped Xom.
You were a plaything of Xom.
You were very hungry.

You visited 1 branch of the dungeon, and saw 7 of its levels.

You collected 271 gold pieces.

Inventory:

Hand weapons
 a - a +1 falchion of chaos (weapon)
 b - a +0 blowgun
   (You took it off a kobold on level 3 of the Dungeon)
Missiles
 n - a throwing net {=f, !d}
 r - 5 curare-tipped needles
 t - 12 poisoned needles
Armour
 e - a +2 cloak of poison resistance (worn)
   (You took it off Crazy Yiuf on level 3 of the Dungeon)
 f - a cursed +0 helmet (worn)
   (You found it on level 3 of the Dungeon)
 s - a +2 leather armour (worn)
Magical devices
 i - a wand of digging (5)
   (You took it off Pikel on level 6 of the Dungeon)
 x - a wand of fire (2)
   (You found it on level 4 of the Dungeon)
Scrolls
 q - a scroll of magic mapping {!r}
Potions
 g - a potion of degeneration {unknown}
 k - 2 potions of magic
 p - a potion of flight {unknown}
Books
 j - a book of Clouds
   (You found it on level 6 of the Dungeon)
 l - a book of Maledictions
   (You found it on level 5 of the Dungeon)
 y - a Fen Folio
   (Xom gifted it to you on level 4 of the Dungeon)
Comestibles
 c - 6 bread rations {@e1}
 d - a slice of pizza
 m - 5 meat rations {@e2}
 w - 3 beef jerkies


   Skills:
 - Level 3.0 Fighting
 - Level 8.4 Long Blades
 - Level 1.5 Armour
 + Level 8.0 Dodging


You had 8 spell levels left.
You didn't know any spells.

Dungeon Overview and Level Annotations

Branches:
Dungeon (7/15) Temple (0/1) D:5 D:7

Altars:
Qazlal
Ru

Shops:
D:4 }


Innate Abilities, Weirdness & Mutations

You cannot wear boots.
Your serpentine skin is tough (AC +3).
You have supernaturally acute eyesight.
Armour fits poorly on your strangely shaped body.
Your system is resistant to poisons.
You cover ground very slowly.
You have a slow metabolism.
You can spit poison.


Message History

Asdu's ghost barely misses you.
Aim: asdu's ghost, wielding a weapon of venom (purple smoke)
The bolt of fire misses asdu's ghost.
This wand has 7 charges left.
Asdu's ghost hits you.
You are poisoned.
You take 4 damage, and have 69/75 hp.
Aim: asdu's ghost, wielding a weapon of venom (purple smoke)
The bolt of fire misses asdu's ghost.
This wand has 6 charges left.
You feel sick. Asdu's ghost barely misses you.
You take 1 damage, and have 68/75 hp.
Aim: asdu's ghost, wielding a weapon of venom The bolt of fire hits asdu's ghost.
This wand has 5 charges left.
You feel sick. Asdu's ghost hits you!
You take 11 damage, and have 57/75 hp.
Aim: asdu's ghost, wielding a weapon of venom (moderately damaged)
The bolt of fire hits asdu's ghost.
This wand has 4 charges left.
Asdu's ghost hits you but does no damage.
You are more poisoned.
Aim: asdu's ghost, wielding a weapon of venom (severely damaged)
The bolt of fire hits asdu's ghost.
This wand has 3 charges left.
You feel sick. Asdu's ghost hits you!
You are more poisoned.
You take 11 damage, and have 46/75 hp.
Aim: asdu's ghost, wielding a weapon of venom (almost destroyed)
The bolt of fire hits asdu's ghost.
You destroy asdu's ghost!
Your base Dodging skill increases to level 8!
Your life force feels restored.
This wand has 2 charges left.
You feel sick.
You take 2 damage, and have 44/75 hp.
You feel very sick.
You take 3 damage, and have 41/75 hp.
You feel very sick.
You take 3 damage, and have 38/75 hp.
You feel very sick.
You take 3 damage, and have 35/75 hp.
You feel very sick.
You take 2 damage, and have 33/75 hp.
You feel sick.
You take 2 damage, and have 31/75 hp.
You feel sick.
You take 2 damage, and have 29/75 hp.
You feel sick.
You take 2 damage, and have 27/75 hp.
You feel sick.
You take 1 damage, and have 26/75 hp.
You start resting.
You feel sick.
You feel sick. x13
You are now a plaything of Xom.
You take 9 damage, and have 17/75 hp.
You start resting.
You feel sick.
You feel sick. x2
You are no longer poisoned.
You take 1 damage, and have 16/75 hp.
Unknown command.
You start resting.
You are feeling very hungry.
You regained 2 hp, and now have 18/75 hp.
Unknown command.
You start resting. "Let's see if it's strong enough to survive yet."
You regained 2 hp, and now have 20/75 hp.
Unknown command.
You closely miss the crimson imp. You barely miss the crimson imp.
The crimson imp barely misses you. The goblin hits you.
* * * LOW HITPOINT WARNING * * *
You take 2 damage, and have 18/75 hp.
You barely miss the crimson imp. The goblin closely misses you.
The crimson imp hits you but does no damage.
Unknown command.
You hit the goblin.
You kill the goblin!
The goblin's corpse disappears in a puff of smoke!
The crimson imp blinks!
The giant frog hits you.
* * * LOW HITPOINT WARNING * * *
You take 5 damage, and have 13/75 hp.
You hit the giant frog. The giant frog hits you.
* * * LOW HITPOINT WARNING * * *
The adder misses you.
You take 4 damage, and have 9/75 hp.
You slash the giant frog! You burn the giant frog. The giant frog hits you.
* * * LOW HITPOINT WARNING * * *
The adder barely misses you.
You take 1 damage, and have 8/75 hp.
Unknown command.
You hit the giant frog but do no damage.
The giant frog is poisoned.
The giant frog hits you.
* * * LOW HITPOINT WARNING * * *
The adder barely misses you. The giant frog hits you.
* * * LOW HITPOINT WARNING * * *
You take 6 damage, and have 2/75 hp.
Unknown command.
Drink which item? (? for menu, Esc to quit)
Okay, then.
You hit the giant frog. You drain the giant frog!
You kill the giant frog!
The giant frog's corpse disappears in a puff of smoke!
The adder bites you.
You die...

###########
#..§@S5...#
#.#######.# #.#
#.# ######z#####
#.# #....<.....#
#.#
#.##.##.##...#.#
..z ..# .#.#
..... .... #.#
#..⌠.. ..#.# #.#


You could see a crimson imp and an adder.

Vanquished Creatures
  Pikel (D:6)
  The ghost of asdu the Quickloader, an experienced TeHu of Okawaru (D:7)
  Edmund (D:5)
  An ice beast (D:6)
  2 ogres (D:6)
  A centaur (D:5)
  A giant frog (D:7)
  A big kobold (D:5)
  3 wights (D:7)
  A crimson imp (D:5)
  2 jellies
  Crazy Yiuf (D:3)
  A centaur skeleton (D:5)
  4 worker ants
  Terence (D:1)
  2 hounds (D:5)
  Natasha (thrice) (D:3)
  An orc wizard (D:5)
  A gnoll shaman (D:5)
  An iguana (D:4)
  2 worker ant zombies
  3 gnolls (D:5)
  6 adders
  2 shadow imps
  3 oozes
  5 worms
  2 adder skeletons
  A giant gecko (D:1)
  8 orcs
  A ball python (D:1)
  A bat skeleton (D:5)
  9 giant cockroaches
  11 goblins
  14 hobgoblins
  9 jackals
  8 kobolds
  6 quokkas
  14 bats
  8 giant newts
  8 rats
151 creatures vanquished.

Vanquished Creatures (collateral kills)
  A naga (D:6)
  A scorpion (D:5)
  A worker ant (D:5)
  A worm (D:6)
  2 goblins (D:5)
6 creatures vanquished.

Vanquished Creatures (others)
  An orc wizard (D:6)
  A shadow imp (D:6)
  A kobold (D:6)
  2 butterflies (D:6)
5 creatures vanquished.

Grand Total: 162 creatures vanquished

Notes
Turn   | Place    | Note
--------------------------------------------------------------
     0 | D:1      | RobertPalmer the Naga Chaos Knight began the quest for the Orb.
     0 | D:1      | Reached XP level 1. HP: 21/21 MP: 1/1
   156 | D:1      | Reached XP level 2. HP: 26/28 MP: 2/2
   157 | D:1      | XOM: harmless Tloc miscast
   258 | D:1      | XOM: harmless Ice miscast
   393 | D:1      | Reached skill level 4 in Long Blades
   437 | D:1      | XOM: silly message
   453 | D:1      | Reached XP level 3. HP: 32/34 MP: 3/3
   724 | D:2      | XOM: harmless Pois miscast
   734 | D:2      | Noticed Terence
   738 | D:1      | XOM: cast spell 'Blink'
   763 | D:1      | Killed Terence
   763 | D:1      | Reached XP level 4. HP: 22/42 MP: 4/4
   811 | D:1      | XOM: god gift: 33 gold pieces
   915 | D:2      | XOM: harmless Tloc miscast
   927 | D:2      | Reached skill level 5 in Long Blades
  1184 | D:2      | XOM: harmless Hex miscast
  1261 | D:2      | XOM: harmless Trmt miscast
  1478 | D:2      | Reached XP level 5. HP: 35/49 MP: 5/5
  1593 | D:2      | XOM: colour smoke trail
  1838 | D:3      | Noticed Crazy Yiuf
  1853 | D:3      | XOM: divination: detect items
  1859 | D:3      | Killed Crazy Yiuf
  1859 | D:3      | Reached skill level 6 in Long Blades
  1890 | D:3      | XOM: divination: magic mapping
  2205 | D:3      | Noticed Natasha
  2218 | D:3      | Killed Natasha
  2239 | D:3      | XOM: divination: detect creatures
  2280 | D:3      | Noticed Natasha
  2290 | D:3      | XOM: confuse monster(s)
  2293 | D:3      | Killed Natasha
  2343 | D:3      | Noticed Natasha
  2348 | D:3      | Killed Natasha
  2372 | D:3      | XOM: harmless Tloc miscast
  2595 | D:4      | Reached XP level 6. HP: 48/56 MP: 6/6
  2720 | D:4      | XOM: colour smoke trail
  2845 | D:4      | XOM: polymorph giant newt -> kobold
  2933 | D:4      | Reached skill level 7 in Long Blades
  2999 | D:4      | Found Banwair's Gadget Shop.
  3495 | D:4      | Found a sacrificial altar of Ru.
  3721 | D:4      | XOM: god gift: papyrus book {god gift}
  3769 | D:5      | Entered Level 5 of the Dungeon
  3928 | D:6      | HP: 14/56 [gnoll shaman/club (2)]
  3934 | D:5      | HP: 5/56 [gnoll shaman/club (6)]
  3940 | D:5      | HP: 13/56 [gnoll shaman/club (4)]
  3948 | D:5      | HP: 8/56 [gnoll shaman/club (2)]
  4296 | D:5      | Found a staircase to the Ecumenical Temple.
  4416 | D:5      | Reached XP level 7. HP: 55/62 MP: 7/7
  4484 | D:5      | Noticed Edmund
  4550 | D:5      | Killed Edmund
  4550 | D:5      | Reached skill level 8 in Long Blades
  4706 | D:5      | XOM: harmless Necr miscast
  4895 | D:5      | Reached skill level 1 in Dodging
  4932 | D:5      | XOM: summons friendly white imp
  4933 | D:5      | XOM: noise
  4944 | D:5      | Reached skill level 2 in Dodging
  5277 | D:5      | XOM: mild Pois miscast
  5303 | D:5      | HP: 14/62 [centaur (6)]
  5305 | D:5      | Reached skill level 3 in Dodging
  5585 | D:6      | XOM: butterfly on damage
  5856 | D:5      | XOM: silly message
  5868 | D:5      | Reached XP level 8. HP: 57/69 MP: 8/8
  5883 | D:5      | XOM: mild Erth miscast
  5982 | D:6      | XOM: enchant monster (bad)
  6011 | D:6      | XOM: noise
  6015 | D:6      | Reached skill level 4 in Dodging
  6017 | D:6      | Noticed Pikel
  6024 | D:5      | XOM: god gift: 26 stones
  6094 | D:6      | XOM: enchant monster (good)
  6109 | D:6      | XOM: potion effect (curing)
  6116 | D:6      | Killed Pikel
  6116 | D:6      | Reached skill level 6 in Dodging
  6225 | D:6      | Noticed a water moccasin
  6239 | D:6      | a water moccasin changed into a naga
  6239 | D:6      | XOM: polymorph water moccasin -> naga
  6242 | D:6      | XOM: summons 5 friendly demons
  6248 | D:6      | Reached XP level 9. HP: 68/75 MP: 9/9
  6329 | D:6      | Reached skill level 7 in Dodging
  6626 | D:6      | XOM: 7-stop teleportation journey
  6643 | D:6      | XOM: vitrification
  6782 | D:6      | Found a stormy altar of Qazlal.
  6882 | D:7      | Found a staircase to the Ecumenical Temple.
  6891 | D:7      | XOM: enchant monster (good)
  6986 | D:7      | Noticed asdu's ghost (experienced TeHu)
  7002 | D:7      | Killed asdu's ghost
  7002 | D:7      | Reached skill level 8 in Dodging
  7022 | D:7      | HP: 18/75 [poisoned by asdu's ghost]
  7029 | D:7      | HP: 17/75 [poisoned by asdu's ghost]
  7036 | D:7      | HP: 16/75 [poisoned by asdu's ghost]
  7044 | D:7      | HP: 16/75 [poisoned by asdu's ghost]
  7062 | D:7      | XOM: summons 4 hostile shadow creatures
  7064 | D:7      | HP: 18/75 [goblin[Xom] (3)]
  7068 | D:7      | HP: 8/75 [giant frog[Xom] (1)]
  7069 | D:7      | HP: 2/75 [giant frog[Xom] (6)]
  7070 | D:7      | Slain by an adder

Vault maps used:
D:1:      tarquinn_simple_flora_water_b, minmay_misc_feat_doors,
          minmay_misc_feat_more_columns
D:2:      uniq_terence
D:3:      serial_glass, glass_columns_b, glass_columns_b,
          uniq_crazy_yiuf_cottage, uniq_natasha
D:4:      wad_lake_hut, first_bread, serial_shops, shop,
          nicolae_ru_the_path_less_chosen
D:5:      minmay_temple_entry_purple_smoke, uniq_edmund
D:6:      st_stairs_6, nicolae_qazlal_eye_of_the_storm, uniq_pikel
D:7:      minmay_temple_entry_large_hall, the_bakery, minmay_liquid_box,
          uniq_duvessa

Action                   |  1- 3 |  4- 6 |  7- 9 || total
-------------------------+-------+-------+-------++-------
Melee: Falchion          |    86 |   293 |   232 ||   611
 Fire: Blowgun           |       |     7 |     6 ||    13
 Abil: Spit Poison       |       |       |     6 ||     6
Evoke: Wand              |       |       |    10 ||    10
  Use: Potion            |     1 |     8 |       ||     9
       Scroll            |       |     9 |     5 ||    14
 Stab: Paralysed         |     1 |     3 |       ||     4
       Petrified         |       |       |     2 ||     2
       Petrifying        |       |       |     2 ||     2
       Sleeping          |       |       |     1 ||     1
  Eat: Chunk             |       |     8 |     8 ||    16

Vault maps used:
D:1:      tarquinn_simple_flora_water_b, minmay_misc_feat_doors,
          minmay_misc_feat_more_columns
D:2:      uniq_terence
D:3:      serial_glass, glass_columns_b, glass_columns_b,
          uniq_crazy_yiuf_cottage, uniq_natasha
D:4:      wad_lake_hut, first_bread, serial_shops, shop,
          nicolae_ru_the_path_less_chosen
D:5:      minmay_temple_entry_purple_smoke, uniq_edmund
D:6:      st_stairs_6, nicolae_qazlal_eye_of_the_storm, uniq_pikel
D:7:      minmay_temple_entry_large_hall, the_bakery, minmay_liquid_box,
          uniq_duvessa

Table legend:
 A = Turns spent in this place as a percentage of turns spent in the entire game.
 B = Non-inter-level travel turns spent in this place as a percentage of non-inter-level travel turns spent in the entire game.
 C = Inter-level travel turns spent in this place as a percentage of turns spent in this place.
 D = Turns resting spent in this place as a percentage of non-inter-level travel turns spent in this place.
 E = Turns spent auto-exploring this place as a percentage of non-inter-level travel turns spent in this place.
 F = Non-inter-level travel turns spent in this place divided by the number of levels of this place that you've seen.
                   A       B       C       D       E      F
               +-------+-------+-------+-------+-------+----------------------
         Total | 100.0 | 100.0 |   0.6 |   2.9 |   8.2 | 327.1
       Dungeon | 100.0 | 100.0 |   0.6 |   2.9 |   8.2 | 327.1
               +-------+-------+-------+-------+-------+----------------------

Table legend:
 A = Kills in this place as a percentage of kills in entire the game.
 B = Kills by you in this place as a percentage of kills by you in the entire game.
 C = Kills by friends in this place as a percentage of kills by friends in the entire game.
 D = Other kills in this place as a percentage of other kills in the entire game.
 E = Experience gained in this place as a percentage of experience gained in the entire game.
 F = Experience gained in this place divided by the number of levels of this place that you have seen.
                   A       B       C       D       E      F
               +-------+-------+-------+-------+-------+----------------------
         Total | 100.0 | 100.0 | 100.0 | 100.0 | 100.0 | 473.0
       Dungeon | 100.0 | 100.0 | 100.0 | 100.0 | 100.0 | 473.0
               +-------+-------+-------+-------+-------+----------------------
